 Dungeon Crawl Stone Soup version 0.31-a0-175-g9f7f995f2b (webtiles) character file.

Game seed: 13744708595445299942

5890 Moral the Fighter (level 10, -1/139 HPs)
             Began as a Minotaur Fighter on June 17, 2023.
             Was an Initiate of Makhleb.
             Slain by a wyvern (13 damage)
             ... on level 11 of the Dungeon.
             The game lasted 00:52:29 (9437 turns).

Moral the Fighter (Minotaur Fighter)                Turns: 9437, Time: 00:52:29

Health: -1/139     AC: 39    Str: 24    XL:     10   Next: 53%
Magic:  9/9        EV:  2    Int:  5    God:    Makhleb [......]
Gold:   321        SH: 15    Dex: 11    Spells: 9/9 levels left

rFire   . . .        r - +0 flail (protect)
rCold   . . .        t - +2 tower shield {AC+3}
rNeg    . . .        m - melded +1 plate armour
rPois   +            (helmet currently unavailable)
rElec   .            (cloak currently unavailable)
rCorr   .            (gloves currently unavailable)
SInv    .            (boots currently unavailable)
Will    .....        (no amulet)
Stlth   +            e - +5 ring of evasion
HPRegen 0.43/turn    A - +4 ring of protection
MPRegen 0.11/turn

%: no passive effects
@: mighty, tree-form, under a protective aura, studying Unarmed Combat
A: stationary, stasis, torment immunity, boosted hp, (horns 2), (retaliatory
headbutt)
a: Renounce Religion


You were on level 11 of the Dungeon.
You worshipped Makhleb.
Makhleb was noncommittal.
You were a tree.
You visited 3 branches of the dungeon, and saw 13 of its levels.

You collected 600 gold pieces.
You spent 279 gold pieces at shops.

Inventory:

Hand Weapons
 r - a +0 flail of protection (weapon)
Armour
 m - a +1 plate armour (melded)
 t - a +2 tower shield of protection (worn)
Jewellery
 e - a +5 ring of evasion (left branch)
 q - a +5 ring of evasion
 A - a +4 ring of protection (right branch)
Wands
 a - a wand of flame (42)
 c - a wand of light (3)
 s - a wand of iceblast (5)
 z - a wand of charming (9)
Scrolls
 f - 5 scrolls of identify
 y - 2 scrolls of fog
Potions
 b - a potion of lignification
 d - 2 potions of might
 g - 6 potions of brilliance
 i - 3 potions of attraction
 k - a potion of mutation
 l - 3 potions of curing
 o - a potion of enlightenment
 v - a potion of cancellation
 w - 2 potions of degeneration


   Skills:
 + Level 10.3(6.3) Fighting
 + Level 9.8(5.8) Maces & Flails
 + Level 10.2(6.2) Armour
 + Level 10.2(6.2) Shields
 + Level 1.0(0.5) Invocations


You had 9 spell levels left.
You didn't know any spells.
Your spell library contained the following spells:

 Spells                   Type           Power      Damage    Failure   Level
 Beastly Appendage        Tmut           0%         N/A       94%         1
 Wereblood                Tmut           0%         N/A       98%         2
 Dazzling Flash           Conj/Hex       0%         N/A       100%        3
 Spider Form              Tmut/Pois      0%         N/A       100%        3
 Agony                    Necr           0%         N/A       100%        5
 Iskenderun's Battlesphe  Conj           0%         2d6       100%        5
 Silence                  Hex/Air        0%         N/A       100%        5
 Leda's Unmaking          Conj/Erth      0%         9d1       100%        6
 Spellforged Servitor     Conj/Summ      0%         N/A       100%        7


Dungeon Overview and Level Annotations

Branches:
Dungeon (11/15)            Temple (1/1) D:5            Lair (0/5) D:11
    Orc (1/2) D:9

Altars:
Ashenzari
Cheibriados
Dithmenos
Elyvilon
Fedhas
Gozag
Hepliaklqana
Kikubaaqudgha
Makhleb
Nemelex Xobeh
Okawaru
Qazlal
Ru
Sif Muna
Trog
Uskayaw
Vehumet
Wu Jian
Xom
Yredelemnul
Zin
The Shining One

Shops:
D:2 :   D:6 *   D:10 [   D:11 **   Orc:1 (

Annotations:
D:11 Maurice


Innate Abilities, Weirdness & Mutations

You are a tree.
Your roots penetrate the ground, keeping you stationary.
You cannot be teleported.
You are immune to unholy pain and torment.
Your maximum health is greatly increased.
Your equipment is partially melded.
((You have a pair of horns on your head.))
((You reflexively headbutt those who attack you in melee.))


Message History

The wyvern bites you but does no damage.
The wyvern bites you.
* * * LOW HITPOINT WARNING * * *
You block the wolf's attack. The water moccasin barely misses you.
The wyvern bites you.
* * * LOW HITPOINT WARNING * * *
The wyvern bites you but does no damage.
You block the wolf's attack.
You feel much better.
A nearby plant withers and dies.
The water moccasin bites you but does no damage.
You block the wyvern's attack. The wyvern bites you.
* * * LOW HITPOINT WARNING * * *
The wolf bites you!
* * * LOW HITPOINT WARNING * * *
The black bear barely misses you. You block the black bear's attack.
The black bear claws you but does no damage.
The water moccasin closely misses you.
Really quaff the potion of lignification?
Uppercase [Y]es or [N]o only, please.
Really quaff the potion of lignification?
You turn into a tree.
Your +1 plate armour melds into your body.
Your roots penetrate the ground.
You feel strangely stable. The wolf bites you but does no damage.
You block the wyvern's attack. x2
You block the water moccasin's attack. The wolf bites you but does no damage.
The wyvern bites you but does no damage.
The wyvern bites you.
* * * LOW HITPOINT WARNING * * *
The black bear barely misses you. You block the black bear's attack.
The black bear claws you but does no damage.
You barely miss the wyvern.
The wyvern is almost dead.
The wolf bites you but does no damage. The water moccasin barely misses you.
The wyvern bites you but does no damage.
You block the wyvern's attack. You block the wolf's attack.
The black bear bites you but does no damage.
The black bear claws you but does no damage. x2
The water moccasin bites you but does no damage.
The wyvern barely misses you. The wyvern bites you!
You die...

....#######..# #.......
..............# #.#.###.
........#.....###...# #.
.....##.#...........###.
#...P.P#hS.#####.......
.P......h# ##.##.#. ..♣
.l.....## #.##...
....P♣lhhP..# #.###.#
......S♣l.P.######.# #.#
...P..P♣P....#.....# #.#
...(..P l....#.##### #.#
...P.> .....#.# #.#
..P.P .....#.# #.# P..P.
.....#.#######.# ....
..♣.##.#.......#


PP.P ....##.#.####### #.#.# You could see a basilisk, 2 water moccasins, a black
bear, 2 wyverns, 3 wolves and an iguana.

Vanquished Creatures
  2 shadows
  4 yaks (D:10)
  A wyvern (D:11)
  6 vampire mosquitoes (D:10)
  A sky beast (D:8)
  3 water moccasins
  5 orc warriors
  An ice beast (D:8)
  A black bear (D:8)
  An ogre (D:5)
  3 centaurs
  3 phantoms
  A kobold brigand (D:8)
  4 gnoll sergeants
  3 scorpions
  2 bullfrogs
  4 wights (D:9)
  3 electric eels (D:9)
  4 howler monkeys
  3 hounds
  7 orc priests
  3 gnoll boudas
  A jelly (D:8)
  A sleepcap (D:6)
  6 iguanas
  An iron imp (D:9)
  10 orc wizards
  Natasha (thrice) (D:2)
  30 gnolls
  8 adders
  A shadow imp (D:7)
  A white imp (D:6)
  3 ufetubi
  A worm (D:4)
  3 dart slugs
  36 orcs
  2 bats
  4 endoplasms
  A giant cockroach (D:1)
  4 goblins
  7 hobgoblins
  4 quokkas
  4 ball pythons
  4 frilled lizards
  14 kobolds
  5 rats
219 creatures vanquished.

Notes
Turn   | Place    | Note
-------+----------+-------------------------------------------
     0 | D:1      | Moral the Minotaur Fighter began the quest for the Orb.
     0 | D:1      | Reached XP level 1. HP: 19/19 MP: 0/0
   193 | D:1      | Reached XP level 2. HP: 27/27 MP: 1/1
   521 | D:2      | Noticed Natasha
   527 | D:2      | Killed Natasha
   528 | D:2      | Reached XP level 3. HP: 21/33 MP: 2/2
   632 | D:2      | Found Wudubb's Book Shop.
   909 | D:2      | Noticed Natasha
   914 | D:2      | Killed Natasha
   915 | D:2      | Reached XP level 4. HP: 38/41 MP: 3/3
   930 | D:2      | Found a faded altar of an unknown god.
  1110 | D:2      | Noticed Natasha
  1118 | D:2      | Killed Natasha
  1587 | D:3      | Reached XP level 5. HP: 43/47 MP: 4/4
  2246 | D:4      | Reached skill level 5 in Fighting
  2473 | D:4      | Found a white marble altar of Elyvilon.
  2473 | D:4      | Found a shimmering altar of Xom.
  2528 | D:4      | Reached skill level 5 in Shields
  2819 | D:5      | Entered Level 5 of the Dungeon
  2819 | D:5      | Noticed an ogre
  2828 | D:5      | Killed an ogre
  2829 | D:5      | Reached skill level 5 in Armour
  2829 | D:5      | Reached XP level 6. HP: 38/56 MP: 5/5
  2947 | D:5      | Reached skill level 5 in Maces & Flails
  2947 | D:5      | Reached XP level 7. HP: 32/62 MP: 6/6
  3360 | D:5      | Found a staircase to the Ecumenical Temple.
  3368 | Temple   | Entered the Ecumenical Temple
  3375 | Temple   | Became a worshipper of Ashenzari the Shackled
  3729 | D:6      | Found Xaovywk's Assorted Antiques.
  3775 | D:6      | Reached XP level 8. HP: 66/71 MP: 7/7
  4176 | D:6      | Found a glowing golden altar of the Shining One.
  4187 | D:6      | Found a basalt altar of Yredelemnul.
  4192 | D:6      | Found a shadowy altar of Dithmenos.
  4199 | D:6      | Found a sparkling altar of Nemelex Xobeh.
  4205 | D:6      | Found a hide-covered altar of Uskayaw.
  4216 | D:6      | Found a hazy altar of Hepliaklqana.
  4223 | D:6      | Found an ornate altar of the Wu Jian Council.
  5259 | D:7      | Reached * piety under Ashenzari
  5420 | D:8      | Reached XP level 9. HP: 79/82 MP: 8/8
  6004 | D:8      | Reached ** piety under Ashenzari
  6633 | D:9      | Found a staircase to the Orcish Mines.
  7304 | Temple   | Fell from the grace of Ashenzari
  7304 | Temple   | Became a worshipper of Makhleb the Destroyer
  7436 | D:9      | Found a snail-covered altar of Cheibriados.
  7903 | Orc:1    | Entered Level 1 of the Orcish Mines
  7903 | Orc:1    | Found Cyplem's Antique Weapon Emporium.
  7905 | Orc:1    | Noticed an orc high priest
  7979 | D:10     | Entered Level 10 of the Dungeon
  8011 | D:10     | Identified the +7 dagger "Raisin" {drain, Will+ Str+3}
  8044 | D:10     | Reached XP level 10. HP: 70/91 MP: 9/9
  8550 | D:10     | Reached skill level 10 in Fighting
  8804 | D:10     | Reached skill level 10 in Armour
  8804 | D:10     | Reached skill level 10 in Shields
  8943 | D:10     | Found Zattoschy's Armour Emporium.
  8951 | D:10     | Bought a +2 tower shield of protection for 279 gold pieces
  9289 | D:11     | Found Bori's Demolitions Depot.
  9376 | D:11     | Found Pallinko's Changing Room.
  9381 | D:11     | Noticed Maurice
  9406 | D:11     | Reached skill level 1 in Invocations
  9431 | D:11     | Found a staircase to the Lair.
  9434 | D:11     | HP: 4/93 [wyvern (3)]
  9437 | D:11     | Slain by a wyvern

Illustrated notes

Levels and vault maps discovered:
D:1:      dpeg_arrival_rhombi, layout_rooms, minmay_tetromino_i2
D:2:      layout_basic, serial_shops, nicolae_shop_gibbet_a_chance,
          basic_ecumenical_altar, interstate_on_off, uniq_natasha
D:3:      layout_loops_ring
D:4:      layout_loops_corners, amethyst_overflow_temple_binary
D:5:      layout_rooms, minmay_temple_entry_hall
D:6:      layout_basic, grunt_temple_overflow_octagram, serial_shops,
          nicolae_stop_n_shop_2, minmay_manual_maat
D:7:      layout_cave_pools, corexii_corridor_pit
D:8:      kennysheep_seaside_town, layout_gridville, minmay_misc_feat_pillars
D:9:      layout_roguey, slow_altar_1, erik_orc_2
D:10:     layout_gridville, serial_shops, shop, minivault_16,
          kennysheep_generic_room_14
D:11:     layout_loops_ring, minmay_lair_entry_grove, nicolae_blasting_shop,
          nicolae_transmutations_shop, uniq_maurice
Temple:   chequers_temple_sunken
Orc:1:    layout_caves, serial_shops, nicolae_shop_crystal, uniq_urug

Skill      XL: |  1  2  3  4  5  6  7  8  9 10 |
---------------+-------------------------------+-----
Fighting       | 4 5 6 8 9 10 | 10.3
Maces & Flails | 3 4 5 6 7 8 9 |  9.8
Armour         | 4 5 6 7 9 10 | 10.2
Shields        | 4 5 6 7 9 10 | 10.2
Invocations    | 1 |  1.0

Action                     |  1- 3 |  4- 6 |  7- 9 | 10-12 || total
---------------------------+-------+-------+-------+-------++-------
  Melee: Flail             |    42 |   136 |   295 |   141 ||   614
         Headbutt          |     6 |    21 |    60 |    23 ||   110
         Mace              |       |    15 |    72 |       ||    87
 Invoke: Curse Item        |       |       |     3 |       ||     3
         Shatter the Chain |       |       |     1 |       ||     1
  Evoke: Wand              |       |       |     6 |       ||     6
    Use: Scroll            |       |     5 |     9 |     3 ||    17
         Potion            |       |       |     2 |     3 ||     5
 Armour: Scale mail        |    23 |    10 |       |       ||    33
         Plate armour      |       |    82 |   242 |   173 ||   497
         Skin              |       |       |       |    10 ||    10
  Dodge: Dodged            |    19 |    73 |   220 |   113 ||   425
  Block: Buckler           |    12 |    41 |     6 |       ||    59
         Kite shield       |       |       |   218 |    85 ||   303
         Tower shield      |       |       |       |    68 ||    68

Table legend: (Time is in decaauts)
 A = Elapsed time spent in this place.
 B = Non-inter-level travel time spent in this place.
 C = Inter-level travel time spent in this place.
 D = Time resting spent in this place.
 E = Time spent auto-exploring this place.
 F = Levels seen in this place.
 G = Mean time per level.
                   A        B        C        D        E       F      G
               +--------+--------+--------+--------+--------+-----+--------+
         Total |   9662 |   9223 |    439 |   1689 |   4848 |  13 |  743.2 |
       Dungeon |   9540 |   9101 |    439 |   1689 |   4828 |  11 |  867.3 |
        Temple |    116 |    116 |      0 |      0 |     20 |   1 |  116.0 |
  Orcish Mines |      5 |      5 |      0 |      0 |      0 |   1 |    5.0 |
               +--------+--------+--------+--------+--------+-----+--------+

Top non-repeatable levels by time:
     D:9: 1628 daAuts
    D:10: 1312 daAuts
     D:6: 1056 daAuts
     D:4: 926 daAuts
     D:8: 896 daAuts
     D:5: 894 daAuts
     D:2: 850 daAuts
     D:7: 688 daAuts
     D:3: 638 daAuts
     D:1: 461 daAuts
    D:11: 187 daAuts
  Temple: 116 daAuts
   Orc:1: 5 daAuts
